 Dungeon Crawl Stone Soup version 0.17-a0-1798-g879a7aa (webtiles) character file.

37 luca467 the Insei (level 3, -1/29 HPs)
             Began as a Demonspawn Monk on Sept 10, 2015.
             Slain by a goblin
             ... wielding a +0 dagger
             ... led by Robin
              (3 damage)
             ... on level 1 of the Dungeon.
             The game lasted 00:04:37 (1600 turns).

luca467 the Insei (Demonspawn Monk)                 Turns: 1600, Time: 00:04:38

Health: -1/29      AC:  4    Str: 11    XL:     3   Next: 23%
Magic:  3/3        EV: 13    Int: 11    God:
Gold:   47         SH:  0    Dex: 16    Spells: 0 memorised, 2 levels left

rFire  . . .     SeeInvis .       - Unarmed
rCold  . . .     Clarity  .     a - +0 robe
rNeg   . . .     SustAt   .     (no shield)
rPois  .         Gourm    .     (no helmet)
rElec  .         Spirit   .     c - +0 cloak
rCorr  .         Warding  .     (no gloves)
rMut   .         Stasis   .     h - +0 pair of boots
MR     .....                    (no amulet)
Stlth  ++++......               (no ring)
                                (no ring)

@: lethally poisoned (-1 -> -7), not resistant to hostile enchantments, stealthy
A: nightstalker 2
a: no special abilities


You were on level 1 of the Dungeon.
You were hungry.

You visited 1 branch of the dungeon, and saw 2 of its levels.

You collected 47 gold pieces.

Inventory:

Armour
 a - a +0 robe (worn)
 c - a +0 cloak (worn)
 h - a +0 pair of boots (worn)
Scrolls
 d - a scroll of random uselessness {unknown}
 e - a scroll of noise {unknown}
 f - a scroll of identify {unknown}
 g - 3 scrolls of remove curse {unknown}
Comestibles
 b - a bread ration
 i - a meat ration


   Skills:
 + Level 3.1 Fighting
 + Level 3.0 Dodging
 + Level 2.0 Stealth
 * Level 4.2 Unarmed Combat


You had 2 spell levels left.
You didn't know any spells.

Dungeon Overview and Level Annotations

Branches:
Dungeon (2/15)

Altars:

Annotations:
D:1 Robin


Innate Abilities, Weirdness & Mutations

You are significantly more attuned to the shadows.


Message History

* * * LOW HITPOINT WARNING * * *
You feel sick.
There is a stone staircase leading down here.
Drink which item? (? for menu, Esc to quit)
It was a potion of magic.
Magic courses through your body.
* * * LOW HITPOINT WARNING * * *
You feel sick. The goblin hits you with a club.
* * * LOW HITPOINT WARNING * * *
The goblin barely misses you.
You are too injured to fight recklessly!
You are too injured to fight recklessly!
You are too injured to fight recklessly!
You are too injured to fight recklessly!
You barely miss the goblin.
You are feeling hungry.
The goblin misses you.
You closely miss the goblin.
* * * LOW HITPOINT WARNING * * *
You feel sick. The goblin hits you with a dagger.
You die...

## ###8'8#8### #####(## ###
######'###### #.# #..)........#
##.# # #≈§≈§..§§≈§≈# ###.###
#####§§≈≈§≈≈#####..##.###########
...#####'#####...###........#....
###...........#### ###...♣♣♣♣♣♣.#
####################.......)..#
#...........gg@gg.....)♣♣♣♣♣♣##
########################....#
.....#...........#.....'....#
####.#.#########.#.#####....#
.....#.)...#.....#.....######
.#########.#.#########.#
...........#...........#
########################


You could see Robin and 3 goblins.

Vanquished Creatures
  2 giant geckos (D:1)
  5 bats (D:1)
  2 giant cockroaches
  7 goblins
  5 hobgoblins (D:1)
  5 jackals (D:1)
  A kobold (D:1)
  4 rats (D:1)
31 creatures vanquished.

Notes
Turn   | Place    | Note
--------------------------------------------------------------
     0 | D:1      | luca467 the Demonspawn Monk began the quest for the Orb.
     0 | D:1      | Reached XP level 1. HP: 18/18 MP: 1/1
   397 | D:1      | Gained mutation: You are slightly more attuned to the shadows. [demonic ancestry]
   397 | D:1      | Reached XP level 2. HP: 22/24 MP: 2/2
   624 | D:1      | Reached skill level 4 in Unarmed Combat
  1086 | D:1      | Gained mutation: You are significantly more attuned to the shadows. [demonic ancestry]
  1086 | D:1      | Reached XP level 3. HP: 19/29 MP: 3/3
  1572 | D:2      | Noticed Robin
  1600 | D:1      | Slain by a goblin

Vault maps used:
D:1:      dpeg_arrival_morbid_curiosity, serial_forest, infiniplex_forest_end_2,
          infiniplex_forest_straight_2, infiniplex_forest_pool,
          infiniplex_forest_straight_2, infiniplex_forest_lined_2,
          infiniplex_forest_lined_corner, infiniplex_forest_end_1,
          roderic_serpentine_path
D:2:      uniq_robin, uniq_jessica

Action                   || total
-------------------------++-------
Melee: Unarmed           ||   221
  Use: Potion            ||     1
 Stab: Sleeping          ||     3
  Eat: Chunk             ||     2
